 Dungeon Crawl Stone Soup version 0.19-b1-5-gdc9fa9d (webtiles) character file.

140 Jorund the Slasher (level 5, -3/36 HPs)
             Began as an Octopode Chaos Knight on Oct 31, 2016.
             Slain by a centaur (8 damage)
             ... on level 3 of the Dungeon.
             The game lasted 00:03:35 (1766 turns).

Jorund the Slasher (Octopode Chaos Knight)          Turns: 1766, Time: 00:03:36

Health: -3/36      AC:  1    Str: 15    XL:     5   Next: 22%
Magic:  5/5        EV: 13    Int: 14    God:    Xom [*.....]
Gold:   64         SH:  0    Dex: 12    Spells: 0 memorised, 4 levels left

rFire  . . .     SeeInvis .     a - +0 falchion (chaos)
rCold  . . .     Gourm    .     (no shield)
rNeg   . . .     Faith    .     (helmet restricted)
rPois  .         Spirit   .     i - amulet of rage
rElec  .         Reflect  .     e - +3 ring of strength
rCorr  .         Harm     .     (no ring)
MR     .....                    (no ring)
Stlth  ++........               (no ring)
                                (no ring)
                                (no ring)
                                (no ring)
                                (no ring)

@: no status effects
A: almost no armour, stealthy swim, amphibious, 8 rings, constrict 8, camouflage
1, gelatinous body 1
a: Renounce Religion, Evoke Berserk Rage


You were on level 3 of the Dungeon.
You worshipped Xom.
You were a special plaything of Xom.
You were not hungry.

You visited 1 branch of the dungeon, and saw 3 of its levels.

You collected 64 gold pieces.

Inventory:

Hand Weapons
 a - a +0 falchion of chaos (weapon)
Jewellery
 e - a +3 ring of strength (left tentacle)
 i - an amulet of rage (around mantle)
Scrolls
 g - 5 scrolls of remove curse
 h - a scroll of identify
Comestibles
 b - 2 bread rations
 d - a chunk of flesh
 f - a meat ration


   Skills:
 - Level 3.0 Fighting
 + Level 5.7 Long Blades
 - Level 2.3 Dodging


You had 4 spell levels left.
You didn't know any spells.

Dungeon Overview and Level Annotations

Branches:
Dungeon (3/15)

Altars:
Gozag

Annotations:
D:3 Sigmund


Innate Abilities, Weirdness & Mutations

You cannot wear most types of armour.
You are very stealthy in the water. (Stealth+)
You are amphibious.
You can wear up to eight rings at the same time.
You can use your tentacles to constrict eight enemies at once.
Your skin changes colour to match your surroundings (Stealth+).
Your rubbery body absorbs attacks. (AC +1, EV +1)


Message History

You closely miss the centaur.
You squeeze the centaur, but do no damage.
The centaur is heavily wounded.
The centaur closely misses you. Something hits you!
* * * LOW HITPOINT WARNING * * *
Unknown command.
You closely miss the centaur. Your squeeze misses the centaur.
The centaur is heavily wounded.
The centaur closely misses you.
You riposte.
You hit the centaur but do no damage.
The centaur is poisoned.
Distant voices call out to you!
The centaur is heavily wounded.
The centaur misses you.
You feel better. The centaur closely misses you. Something hits you!
* * * LOW HITPOINT WARNING * * *
Unknown command.
You hit the centaur but do no damage.
The centaur seems to slow down.
The centaur is heavily wounded.
The centaur hits you!
You die...

.........(.......
.............####
.........(...#
.........(...# ###
......###'######..
........).....##.#
..............##{#
(.............##c#
######........##@#
#....)...##(#
#....)...##.#
#........##.#
#######...###.#
#.........# #.#
#.........# #(#
#.........# #.#
#.......#.###.#


You could see a centaur.

Vanquished Creatures
  An orc priest (D:3)
  Jessica (D:3)
  An adder (D:2)
  A river rat (shapeshifter) (D:1)
  An ooze (D:1)
  2 dart slugs (D:1)
  A leopard gecko (D:3)
  2 orcs (D:3)
  A ball python (D:3)
  2 giant cockroaches (D:2)
  11 goblins
  5 hobgoblins
  5 kobolds
  3 quokkas
  8 bats
  4 frilled lizards
  7 rats
56 creatures vanquished.

Notes
Turn   | Place    | Note
-------+----------+-------------------------------------------
     0 | D:1      | Jorund the Octopode Chaos Knight began the quest for the Orb.
     0 | D:1      | Reached XP level 1. HP: 16/16 MP: 1/1
   161 | D:1      | XOM: potion effect (agility)
   163 | D:1      | Reached XP level 2. HP: 19/21 MP: 2/2
   168 | D:1      | HP: 1/21 [river rat (shapeshifter) (1)]
   171 | D:1      | Reached skill level 4 in Long Blades
   300 | D:1      | XOM: harmless Summ miscast
   479 | D:1      | XOM: divination: detect creatures
   482 | D:1      | Reached XP level 3. HP: 26/26 MP: 3/3
   804 | D:2      | Reached XP level 4. HP: 27/31 MP: 4/4
   878 | D:2      | XOM: harmless Air miscast
  1153 | D:3      | Noticed Jessica
  1167 | D:3      | XOM: divination: detect items
  1169 | D:3      | Killed Jessica
  1169 | D:3      | Reached skill level 5 in Long Blades
  1561 | D:3      | XOM: harmless Pois miscast
  1607 | D:3      | Reached XP level 5. HP: 19/36 MP: 5/5
  1609 | D:3      | XOM: harmless Ice miscast
  1688 | D:3      | Found an opulent altar of Gozag.
  1753 | D:3      | Noticed a centaur
  1753 | D:3      | XOM: confuse monster(s)
  1755 | D:3      | Noticed Sigmund
  1766 | D:3      | Slain by a centaur

Skill      XL: |  1  2  3  4 |
---------------+-------------+-----
Long Blades    | 4 5 |  5.7
Fighting       | |  3.0
Dodging        | |  2.3

Action                   |  1- 3 |  4- 6 || total
-------------------------+-------+-------++-------
Melee: Falchion          |    55 |    54 ||   109
       Constrict         |    15 |    16 ||    31
       Tentacles         |     9 |    10 ||    19
  Use: Potion            |       |     6 ||     6
       Scroll            |       |     3 ||     3
 Stab: Sleeping          |     4 |     1 ||     5
       Distracted        |       |     1 ||     1
  Eat: Chunk             |       |     3 ||     3
Armor: Skin              |     1 |     6 ||     7
Dodge: Dodged            |    44 |    36 ||    80
       Rpst.: Falchion   |    12 |    10 ||    22
